[Event "Late-Titled-Tuesday-Blitz-April-02-2024"]
[Site "Chess.com"]
[Date "2024.04.02"]
[Round "3"]
[White "Hirna2005"]
[Black "flawian2008"]
[Result "0-1"]
[WhiteElo "2316"]
[BlackElo "2534"]
[TimeControl "180+1"]
[EndTime "14:28:24 PDT"]
[Termination "flawian2008 won by resignation"]

1. e4 c5 2. c3 Nf6 3. e5 Nd5 4. Nf3 Nc6 5. Bc4 e6 6. d4 cxd4 7. cxd4 d6 8. O-O Be7 9. Qe2 O-O 10. Rd1 b6 11. Bd2 Bb7 12. Nc3 Nxc3 13. Bxc3 Rc8 14. Rac1 Na5 15. Bd3 Bd5 16. Bxa5 bxa5 17. b3 Qb6 18.
exd6 Bxd6 19. Ne5 Rxc1 20. Rxc1 Qxd4 21. Nc4 Qf4 22. Nxd6 Qxc1+ 23. Qf1 Qd2 24. Qe2 Qf4 25. Nc4 Bxc4 26. Bxc4 Qc1+ 27. Qf1 Qxf1+ 28. Kxf1 Rd8 29. Ke2 Kf8 30. a4 Ke7 31. g3 Kd6 32. f4 Kc5 33. Ke3 Rd1 34. h4 Rc1 35. Ke4 Rxc4+ 36. bxc4 Kxc4 37.
g4 Kb4 38. f5 Kxa4 39. fxe6 fxe6 40. Ke5 Kb3 41. Kxe6 a4 42. Kf7 a3 43. Kxg7 a2 44.
Kxh7 a1=Q 45. g5 Qd4 46. h5 a5 47. g6 Qd7+ 48. g7 a4 49. Kh8 Qd4 50. Kh7 Qe4+ 51.
Kh8 Qe5 52. h6 a3 53. Kh7 Qf5+ 54. Kh8 Qf6 55. Kh7 Qf7 56. Kh8 a2 57. g8=Q a1=Q+ 58. Qg7 Qfxg7+ 59. hxg7 Kc4 60. Kh7 Qh1+ 61. Kg6 Qg2+ 62.
Kf7 Qf3+ 63. Ke7 Qg4 64. Kf7 Qf5+ 65. Ke7 Qg6 66. Kf8 Qf6+ 67. Kg8 Kd5 68. Kh7 Qh4+ 69. Kg6 Qg4+ 70. Kf7 Qf5+ 71. Ke7 Qg6 72. Kf8 Qf6+ 73.
Kg8 Ke6 74. Kh7 Qh4+ 75. Kg6 Qg4+ 76. Kh7 Kf7 0-1

[Event "Late-Titled-Tuesday-Blitz-April-02-2024"]
[Site "Chess.com"]
[Date "2024.04.02"]
[Round "3"]
[White "misterlamine"]
[Black "PetrolulSah"]
[Result "1/2-1/2"]
[WhiteElo "2475"]
[BlackElo "2233"]
[TimeControl "180+1"]
[EndTime "14:28:24 PDT"]
[Termination "Game drawn by repetition"]

1. d4 d5 2. Nf3 Nf6 3. e3 c5 4. Bb5+ Bd7 5. Bxd7+ Nfxd7 6. O-O e6 7. b3 cxd4 8. exd4 Be7 9. Bb2 O-O 10. Nbd2 Nc6 11. a3 Rc8 12. c4 Bf6 13. cxd5 exd5 14. b4 Qb6 15. Nb3 Rfe8 16. Nc5 Qc7 17. Rc1 Nxc5 18. Rxc5 Qd7 19. Qb3 Ne7 20. Rfc1 b6 21. Rxc8 Rxc8 22. Rxc8+ Qxc8 23. Qa4 a6 24. Ne5 b5 25. Qd1 h6 26. h3 Qe6 27. Nd3 Nf5 28. Nc5 Qc8 29. Qg4 g6 30. Qf4 h5 31. g4 hxg4 32. hxg4 Nd6 33.
Qxd6 Qxg4+ 34. Qg3 Qd1+ 35. Kg2 Bxd4 36. Bxd4 Qxd4 37. Nd7 Kg7 38. Qe5+ Qxe5 39. Nxe5 Kf6 40. Nd3 Kf5 41. Kf3 g5 42. Ke3 g4 43. Kd4 Ke6 44.
Nc5+ Kd6 45. Nxa6 f5 46. Nc5 f4 47. Nd3 g3 48. fxg3 fxg3 49. Nf4 Kc6 50. Ke5 Kd7 51. Kxd5 Ke7 52. Kc5 Kf6 53. Ng2 Ke5 54. Kxb5 Ke4 55. Kc4 Kf3 56. Ne1+ Ke2 57. Ng2 Kf3 58. Ne1+ Ke2 59.
Nd3 Ke3 60. Ne1 Ke2 1/2-1/2

[Event "Late-Titled-Tuesday-Blitz-April-02-2024"]
[Site "Chess.com"]
[Date "2024.04.02"]
[Round "3"]
[White "Russian_berezka"]
[Black "AlexandreHouhou"]
[Result "1-0"]
[WhiteElo "2587"]
[BlackElo "2364"]
[TimeControl "180+1"]
[EndTime "14:28:25 PDT"]
[Termination "Russian_berezka won on time"]

1. e4 e6 2. c4 d5 3. cxd5 exd5 4. exd5 Nf6 5. Nf3 Nxd5 6. Be2 Be7 7. d4 O-O 8. O-O Bf6 9. Nc3 c6 10. Bc4 Be6 11. Qb3 Nxc3 12. bxc3 Bxc4 13. Qxc4 Qd5 14. Qb3 Qd7 15. Bf4 Re8 16. Rab1 b6 17. a4 Qd5 18. c4 Qf5 19. Bg3 Nd7 20. Rfd1 Re2 21. d5 Nc5 22. Qa3 cxd5 23. cxd5 Ne4 24. d6 Nc3 25. Qb3 Rd8 26. Qc4 Nxb1 27. Qxe2 Nc3 28. Qd3 Qxd3 29. Rxd3 Nxa4 30. Be5 Nc5 31. Rd1 Ne4 32. Bf4 g5 33. Bg3 g4 34. Ne1 Nxg3 35. hxg3 Be5 36. d7 Kf8 37. f4 Bf6 38. Nc2 Ke7 39. Ne3 Rxd7 40. Re1 Bd4 41. Kf1 Bxe3 42. Rxe3+ Kf6 43. Re5 h6 44. Ke2 a5 45. Rb5 Rd6 46. Ke3 Ke6 47. Ke4 Kd7 48. Ke5 Kc6 49. Rb2 Rd5+ 50. Kf6 a4 51. Kxf7 a3 52. Ra2 Rd3 53.
Kg6 Rxg3 54. f5 b5 55. f6 Kd6 56. f7 1-0

[Event "Late-Titled-Tuesday-Blitz-April-02-2024"]
[Site "Chess.com"]
[Date "2024.04.02"]
[Round "3"]
[White "ArmanGhevondyanchess"]
[Black "Hrant_ChessMood"]
[Result "0-1"]
[WhiteElo "2603"]
[BlackElo "2933"]
[TimeControl "180+1"]
[EndTime "14:28:26 PDT"]
[Termination "Hrant_ChessMood won on time"]

1. Nf3 c5 2. g3 Nc6 3. d4 cxd4 4. Nxd4 g6 5. Bg2 Bg7 6. Nb3 d6 7. O-O Be6 8. Nc3 Qd7 9. Be3 h5 10. h4 Bh3 11. Nd4 Bxg2 12. Kxg2 Nf6 13. f3 O-O 14.
Nxc6 Qxc6 15. Qd2 Rfc8 16. Rfd1 b5 17. Rac1 a5 18. Nd5 Nxd5 19. Qxd5 Qxd5 20. Rxd5 Bxb2 21.
Rb1 Rxc2 22. Rd2 Rxd2 23. Bxd2 Bf6 24. Rxb5 a4 25. Bg5 Bxg5 26. hxg5 Rc8 27. Rb2 Rc3 28. Kf2 Ra3 29. Rb7 Kf8 30. Rb8+ Kg7 31. Rb7 e6 32.
Rb2 d5 33. f4 Rc3 34. Rb4 Ra3 35. Rb2 Kf8 36. Rb8+ Ke7 37. Rb7+ Kd6 38. Rxf7 Rxa2 39.
Rg7 Rb2 40. Rxg6 Rb8 41. Rg7 Ra8 42. Rb7 a3 43. Rb1 a2 44. Ra1 Ke7 45. Kg2 Kf7 46. Kh3 Kg6 47. Kh4 Ra7 48. e3 Kf5 49. Kh3 Ra6 50. Kh4 Ra8 51. Kh3 e5 52. Kh4 d4 53.
fxe5 dxe3 54. e6 Kxe6 55. Kxh5 e2 0-1

[Event "Late-Titled-Tuesday-Blitz-April-02-2024"]
[Site "Chess.com"]
[Date "2024.04.02"]
[Round "3"]
[White "ckgchess"]
[Black "IMRosen"]
[Result "0-1"]
[WhiteElo "2934"]
[BlackElo "2664"]
[TimeControl "180+1"]
[EndTime "14:28:27 PDT"]
[Termination "IMRosen won on time"]

1. e4 c5 2. c3 d5 3. exd5 Qxd5 4. d4 Nf6 5. Nf3 e6 6. Na3 Nc6 7. Nb5 Qd8 8. dxc5 Bxc5 9. Qxd8+ Kxd8 10. Bf4 Ne4 11.
Rd1+ Bd7 12. Bg3 a6 13. Nbd4 Nxd4 14. Nxd4 Nxg3 15. hxg3 Ke7 16. Be2 h6 17. Bf3 Rab8 18. O-O Rhd8 19. Rfe1 g6 20. g4 Kf6 21. g3 Be8 22.
Kg2 Bxd4 23. cxd4 Bc6 24. Re3 Bd5 25. Rc3 Rd7 26. a3 Rbd8 27. Rdd3 Bxf3+ 28. Rxf3+ Ke7 29. Rb3 b5 30. a4 bxa4 31. Rb6 Rxd4 32. Rxa6 R8d7 33.
Rf4 g5 34. Rxd4 Rxd4 35. Kf3 Rb4 36. Ra7+ Kf6 37. Ra5 Kg7 38. Ra6 Kg6 39. Ra5 Kf6 40.
Ra6 Kg6 41. Ra5 h5 42. gxh5+ Kxh5 43. Ra7 Kg6 44. g4 Kf6 45. Ra5 Rb3+ 46. Kg2 Rb4 47. Kg3 Kg6 48. Kf3 f5 49. Ra6 fxg4+ 50. Kg3 Kf5 51. Ra5+ e5 52. Ra8 Rb3+ 53. Kg2 Rb4 54.
Kg3 Ke4 55. Kxg4 Kd3+ 56. Kxg5 Kc2 57. Kf5 e4 58. Kf4 Kxb2 59. Ke3 a3 60. Rd8 a2 61.
Rd2+ Kb1 62. Rd1+ Kc2 63. Ra1 Kb2 0-1

[Event "Late-Titled-Tuesday-Blitz-April-02-2024"]
[Site "Chess.com"]
[Date "2024.04.02"]
[Round "3"]
[White "moro182"]
[Black "mightysmasher"]
[Result "1-0"]
[WhiteElo "2898"]
[BlackElo "2588"]
[TimeControl "180+1"]
[EndTime "14:28:27 PDT"]
[Termination "moro182 won on time"]

1. d4 d5 2. Bf4 Nf6 3. e3 e6 4. Nf3 Bd6 5. Nbd2 Bxf4 6. exf4 O-O 7. Bd3 b6 8. Qe2 Bb7 9. O-O c5 10. c3 Nc6 11. Rac1 Rc8 12. f5 Re8 13. fxe6 Rxe6 14.
Qd1 Ne4 15. dxc5 bxc5 16. Re1 f5 17. c4 Nb4 18. Bb1 Kh8 19. a3 Na6 20. cxd5 Bxd5 21. Nxe4 fxe4 22. Nd2 Qe7 23. Nf1 Bb7 24. Qe2 Rf8 25.
Ng3 Re8 26. Qe3 Qf6 27. Qc3 Qd4 28. Nf5 Qxc3 29. Rxc3 Rf6 30. Ng3 Ref8 31. Bxe4 Bxe4 32. Nxe4 Re6 33. f3 h6 34. Rd1 Rb8 35. Rd2 Reb6 36. Nxc5 Nxc5 37. Rxc5 Rxb2 38. Rxb2 Rxb2 39. Rc7 a5 40.
Rc5 a4 41. Rc4 Rb1+ 42. Kf2 Rb2+ 43. Kg3 Ra2 44. Rxa4 Kh7 45. h4 Kg6 46. Ra6+ Kh7 47. h5 Kg8 48. Ra7 Kh7 49. a4 Kg8 50. a5 Ra4 51. Kh3 Kf8 52. a6 Kg8 53. g4 Kf8 54. Kg3 Kg8 55. f4 Kf8 56. g5 Ra5 57. Kg4 Kg8 58. g6 Kf8 59. Rf7+ Kg8 60. a7 Ra1 61. Rb7 Kf8 62. Rb8+ Ke7 63. a8=Q Rxa8 64. Rxa8 1-0

[Event "Late-Titled-Tuesday-Blitz-April-02-2024"]
[Site "Chess.com"]
[Date "2024.04.02"]
[Round "3"]
[White "albi1999"]
[Black "Nick12772"]
[Result "1-0"]
[WhiteElo "2607"]
[BlackElo "2410"]
[TimeControl "180+1"]
[EndTime "14:28:27 PDT"]
[Termination "albi1999 won by checkmate"]

1. Nf3 Nf6 2. c4 c6 3. e3 d5 4. Nc3 g6 5. d4 Bg7 6. b3 O-O 7. Bb2 Bg4 8. h3 Bxf3 9. Qxf3 Nbd7 10. cxd5 cxd5 11. Be2 e6 12. O-O Rc8 13. Rfc1 Re8 14. Nb5 Qb6 15. Ba3 Bf8 16. Bxf8 Rxf8 17. Qf4 Ne4 18. f3 a6 19. fxe4 axb5 20. exd5 exd5 21. Bg4 Rxc1+ 22. Rxc1 Nf6 23. Bf3 Rd8 24. Qc7 Rd6 25.
Qxb6 Rxb6 26. Rc5 b4 27. Bxd5 Nxd5 28. Rxd5 Ra6 29. Rb5 Rxa2 30. Kf1 Ra1+ 31. Kf2 Ra2+ 32. Kf3 Ra7 33. e4 Kf8 34. Rxb4 Ke7 35. e5 Ke6 36. Ke4 f5+ 37. exf6 Kxf6 38. Rb6+ Ke7 39. Ke5 Kd7 40. d5 Kc7 41. Rf6 Ra3 42. Rf7+ Kc8 43. Kd6 b5 44. Kc6 Kd8 45. d6 Ke8 46. d7+ Kxf7 47.
d8=Q Ra6+ 48. Kxb5 Re6 49. Qd5 Kf6 50. Qf3+ Ke7 51.
Kc5 Rf6 52. Qe3+ Re6 53. Qd4 Kf7 54. b4 g5 55. b5 Rf6 56. b6 Rf5+ 57. Kc6 Rf6+ 58.
Kc7 h5 59. b7 Kg6 60. b8=Q Rf7+ 61. Kd6 Rf6+ 62. Qxf6+ Kxf6 63. Qf8+ Kg6 64. Ke6 g4 65.
Qg8+ Kh6 66. Kf6 gxh3 67. Qg6# 1-0

[Event "Late-Titled-Tuesday-Blitz-April-02-2024"]
[Site "Chess.com"]
[Date "2024.04.02"]
[Round "3"]
[White "sacrifoice"]
[Black "Fh2411"]
[Result "0-1"]
[WhiteElo "2280"]
[BlackElo "2573"]
[TimeControl "180+1"]
[EndTime "14:28:28 PDT"]
[Termination "Fh2411 won on time"]

1. e4 c5 2. Nf3 e6 3. c4 a6 4. d4 cxd4 5. Nxd4 Nf6 6. Nc3 Bb4 7. Bd3 Nc6 8. Nc2 Bxc3+ 9. bxc3 O-O 10. O-O d6 11. f4 Qc7 12. g4 Rd8 13. g5 Nd7 14.
Qh5 Nf8 15. f5 Ne5 16. Be2 Nxc4 17. f6 Ng6 18. fxg7 e5 19. Nb4 Be6 20. Rf3 Qc5+ 21. Kh1 a5 22. Nd5 Bxd5 23. exd5 Qxd5 24. Kg1 Qc5+ 25.
Kf1 Rd7 26. Rh3 Kxg7 27. Qxh7+ Kf8 28. Bd3 e4 29. Bxe4 Nce5 30. Bf4 Qc4+ 31. Bd3 Qxf4+ 32. Kg1 Nxd3 33. Rf1 Qg4+ 34. Rg3 Qe4 35. Qh6+ Ke7 36. Qh3 Nde5 37. Re3 Qd5 38. Qf5 Qe6 39. Qc2 Rh8 40. Qe2 Rh3 41. Rf6 Rxe3 42. Rxe6+ Kxe6 43. Qxe3 Rc7 44. Qh3+ Ke7 45. Qe3 Rc4 46. h3 Nf4 47. Qb6 Nxh3+ 48.
Kh2 Nxg5 49. Qxb7+ Kf6 50. Qb8 Ne4 0-1

[Event "Late-Titled-Tuesday-Blitz-April-02-2024"]
[Site "Chess.com"]
[Date "2024.04.02"]
[Round "3"]
[White "Slovak_fighter2000"]
[Black "lcmil"]
[Result "1-0"]
[WhiteElo "2569"]
[BlackElo "2269"]
[TimeControl "180+1"]
[EndTime "14:28:28 PDT"]
[Termination "Slovak_fighter2000 won by resignation"]

1. d4 Nf6 2. Nf3 g6 3. c4 Bg7 4.
Nc3 d6 5. Bg5 O-O 6. e3 c5 7.
Be2 Qb6 8. Qb3 cxd4 9. exd4 Nc6 10. Qxb6 axb6 11. Rd1 e6 12. a3 Bd7 13. O-O Rac8 14. Rfe1 Na5 15. Nd2 Rfe8 16. b4 Nc6 17. Nde4 Nxe4 18. Nxe4 Nxd4 19. Nxd6 Ba4 20. Rc1 e5 21.
Nxc8 Rxc8 22. Bf1 f5 23. c5 b5 24. Be3 Rd8 25. Bxd4 Rxd4 26. c6 bxc6 27. Rxc6 e4 28. Rc8+ Kf7 29. Rc7+ Kg8 30. Rb7 Rd2 31. Bxb5 Bc2 32.
Rd7 Bd4 33. Rf1 e3 34. fxe3 Bxe3+ 35. Kh1 Be4 36. Rxd2 Bxd2 37. Rd1 Bc3 38. Rd8+ Kg7 39. Rd7+ Kh6 40. Bc4 f4 41. Be2 Bb2 42. Bf3 Bf5 43. Ra7 g5 44. h3 Bd4 45. Ra6+ Kg7 46. b5 Bd3 47. a4 Be3 48. Rc6 Bf1 49. Rc7+ Kg6 50.
Rc6+ Kf5 51. b6 Ba6 52. Bg4+ Ke4 53. Bf3+ Kf5 54. Rh6 Bd4 55. Rxh7 Bf6 56. b7 Bxb7 57. Rxb7 Kg6 58. Rb5 Bd4 59. Be4+ 1-0

[Event "Late-Titled-Tuesday-Blitz-April-02-2024"]
[Site "Chess.com"]
[Date "2024.04.02"]
[Round "3"]
[White "Mariia89"]
[Black "cthulhuuu"]
[Result "0-1"]
[WhiteElo "2276"]
[BlackElo "2451"]
[TimeControl "180+1"]
[EndTime "14:28:28 PDT"]
[Termination "cthulhuuu won on time"]

1. d4 Nf6 2. Nf3 g6 3. c4 Bg7 4.
Nc3 d6 5. e4 O-O 6. Be2 e5 7. O-O exd4 8. Nxd4 Re8 9. f3 Nc6 10.
Be3 Nxd4 11. Bxd4 b6 12. Nd5 Nxd5 13. cxd5 f5 14. Bxg7 Kxg7 15. Bb5 Bd7 16. Qd4+ Kf7 17. Bd3 Qf6 18. Qc4 Rac8 19. b4 b5 20. Qb3 Qd4+ 21.
Kh1 Kg7 22. Rad1 Qf6 23. Qa3 Re7 24. Qa6 c5 25. dxc6 Rxc6 26. Qxb5 Rb6 27. Qa5 Qe5 28. b5 Bxb5 29. Bxb5 Qxb5 30. Qxb5 Rxb5 31. Rxd6 fxe4 32. fxe4 Rb2 33. e5 Rxa2 34. e6 Re2 35. Rd7 Rxe6 36. Rxe7+ Rxe7 37. Ra1 a5 38. Kg1 Ra7 39.
Ra4 Kf6 40. Kf2 Ke5 41. Ke3 Kd5 42. Kd3 Kc5 43. Ra1 a4 44. Kc3 a3 45. Ra2 g5 46.
h3 h5 47. g4 h4 48. Kb3 Kd4 49. Rd2+ Ke3 50. Ra2 Kf3 51. Rd2 a2 0-1

[Event "Late-Titled-Tuesday-Blitz-April-02-2024"]
[Site "Chess.com"]
[Date "2024.04.02"]
[Round "3"]
[White "Defend1r"]
[Black "Angry_Twin"]
[Result "1-0"]
[WhiteElo "2661"]
[BlackElo "2916"]
[TimeControl "180+1"]
[EndTime "14:28:33 PDT"]
[Termination "Defend1r won on time"]

1. e4 c5 2. Nf3 d6 3. c3 Nf6 4.
h3 g6 5. Bd3 Bg7 6. Bc2 e5 7. d4 exd4 8. cxd4 cxd4 9. Nxd4 O-O 10. O-O Nc6 11. Nxc6 bxc6 12. Nc3 d5 13. exd5 Nxd5 14.
Nxd5 cxd5 15. Qf3 Be6 16. Rd1 d4 17. Bd3 Qb6 18. b3 Rac8 19. Ba3 Rfd8 20. Be7 Rd7 21. Bf6 Rc3 22. Bxg7 Kxg7 23. Qf4 Qc5 24. h4 a5 25. Qb8 Bg4 26. f3 Be6 27. Qf4 h5 28. Kh2 Qd6 29. Qxd6 Rxd6 30. Kg3 Kf6 31. Kf4 a4 32.
bxa4 Ra3 33. Bb5 d3 34. Rd2 Rd4+ 35. Ke3 Ke5 36. g3 Bf5 37. f4+ Kd5 38. Bc6+ Kc5 39.
Rc1+ Rc4 40. Rxc4+ Kxc4 41. Bb5+ Kc5 42. Bxd3 Rxa4 43.
Bxf5 gxf5 44. Kf2 Ra3 45. Kg2 Kc6 46. Kh3 Ra4 47. Re2 Ra5 48. Re5 Rxa2 49. Rxf5 Kd6 50. Rxh5 Ke6 51. Kg4 Ra4 52. Rb5 Kf6 53. h5 Ra6 54.
Rb7 Kg7 55. Kg5 Rc6 56. f5 Kg8 57. f6 Rc8 58. Kh6 Rd8 59. g4 1-0

[Event "Late-Titled-Tuesday-Blitz-April-02-2024"]
[Site "Chess.com"]
[Date "2024.04.02"]
[Round "3"]
[White "Iball95"]
[Black "GP9isback23"]
[Result "1/2-1/2"]
[WhiteElo "2917"]
[BlackElo "2637"]
[TimeControl "180+1"]
[EndTime "14:28:37 PDT"]
[Termination "Game drawn - insufficient material"]

1. e4 c5 2. Nf3 e6 3. Nc3 Nc6 4. d4 cxd4 5. Nxd4 Nf6 6. Bf4 Bb4 7. Nb5 O-O 8. Bc7 Qe7 9. Bd6 Bxd6 10. Qxd6 a6 11. Qxe7 Nxe7 12. Nd6 Ne8 13. O-O-O Nxd6 14. Rxd6 b5 15. Be2 Ra7 16. Rhd1 f6 17. a3 Kf7 18. f4 Rc7 19. Bf3 Ke8 20. Na2 Nc6 21. Nb4 Nxb4 22. axb4 Bb7 23. c3 Ke7 24. R6d3 Ra8 25. Kd2 a5 26.
Ra1 axb4 27. Rxa8 Bxa8 28. cxb4 Rc4 29. b3 Rc7 30. Ke3 d6 31. Bd1 Bb7 32. Rd2 e5 33. g3 Rc3+ 34. Rd3 Rxd3+ 35. Kxd3 d5 36. exd5 Bxd5 37.
Kc3 Ke6 38. Bg4+ f5 39. Be2 h6 40. h4 Bc6 41. Bd3 g6 42. Be2 Kf6 43. Bf1 g5 44. hxg5+ hxg5 45. fxe5+ Kxe5 46. Kd3 Be4+ 47. Ke3 f4+ 48. gxf4+ gxf4+ 49. Kf2 Bc6 50. Be2 Kd4 51. Bf1 Kc3 52. Bxb5 Bxb5 53. Kf3 Kxb4 54. Kxf4 Bd3 55.
Ke3 Bb1 56. Kf2 Bh7 57. Kg3 Bg8 58. Kg2 Bf7 59. Kg1 Be8 60. Kg2 Kc5 61. Kg1 Kb6 62. Kg2 Bb5 63. Kg1 Kc5 64. Kg2 Kb4 65. Kf2 Bd3 66. Kg1 Bc2 67. Kg2 Bxb3 1/2-1/2

[Event "Late-Titled-Tuesday-Blitz-April-02-2024"]
[Site "Chess.com"]
[Date "2024.04.02"]
[Round "3"]
[White "santosalberto1987"]
[Black "only_strong_moves"]
[Result "1/2-1/2"]
[WhiteElo "2506"]
[BlackElo "2739"]
[TimeControl "180+1"]
[EndTime "14:28:37 PDT"]
[Termination "Game drawn - insufficient material"]

1. e4 e5 2. Nf3 Nc6 3. Bc4 Nf6 4. d3 Be7 5. O-O O-O 6. c3 d6 7. Bb3 Be6 8. Bc2 d5 9. Nbd2 h6 10. Re1 dxe4 11. dxe4 a5 12. Qe2 Bc5 13. Nf1 Ng4 14. Ne3 Nxe3 15. Bxe3 Bxe3 16. Qxe3 Qe7 17. Bb3 Bxb3 18.
axb3 Qe6 19. Ra3 Rfd8 20. Qc5 b6 21. Qb5 f6 22. h3 Rd6 23. b4 Rad8 24. bxa5 Nxa5 25.
b4 c6 26. Qe2 Nc4 27. Raa1 Rd3 28. Rad1 R3d6 29. Rxd6 Rxd6 30. Rd1 b5 31. Rxd6 Qxd6 32. Nh4 Qd2 33. Qg4 Qe1+ 34. Kh2 Qxf2 35. Nf5 Qf4+ 36. Qxf4 exf4 37. Ne7+ Kf7 38. Nxc6 Nd6 39. Nd4 Nxe4 40. Nxb5 Ke6 41. c4 g5 42. Kg1 h5 43. Nd4+ Ke5 44.
Nf3+ Kd6 45. Nd4 g4 46. hxg4 hxg4 47. Nb3 Kc6 48. Kf1 Kd6 49. Ke2 Ke5 50. b5 Nc3+ 51.
Kd3 Na4 52. c5 Kd5 53. b6 Kc6 54. Ke4 f3 55. Nd4+ Kxc5 56. gxf3 g3 57. b7 g2 58. Ne2 Nc3+ 59. Nxc3 g1=Q 60. b8=Q Qd4+ 61. Kf5 Qd3+ 62. Kf4 Qxc3 63. Qc7+ Kd4 64. Qxc3+ Kxc3 65. Kf5 Kd4 66. Kxf6 Ke3 67. Ke5 Kxf3 1/2-1/2

[Event "Late-Titled-Tuesday-Blitz-April-02-2024"]
[Site "Chess.com"]
[Date "2024.04.02"]
[Round "3"]
[White "sorch29"]
[Black "ansko1999"]
[Result "0-1"]
[WhiteElo "2432"]
[BlackElo "2624"]
[TimeControl "180+1"]
[EndTime "14:28:38 PDT"]
[Termination "ansko1999 won by resignation"]

1. c4 Nf6 2. Nc3 e6 3. e4 d5 4. e5 d4 5. exf6 dxc3 6. bxc3 Qxf6 7. Nf3 e5 8. Bd3 Bc5 9. O-O O-O 10. Qe2 Nc6 11.
Be4 Bg4 12. h3 Bh5 13. Re1 Rfe8 14. Rb1 Rab8 15. d3 h6 16. Be3 Bxe3 17. Qxe3 Bg6 18.
Nd2 Bxe4 19. Nxe4 Qe7 20. g4 Qa3 21. Rb3 Qxa2 22. Reb1 b6 23. Qf3 Ne7 24. g5 hxg5 25. Nxg5 f6 26. Ne6 Rbc8 27. Qg4 Kf7 28. d4 Ng6 29. d5 Qd2 30. c5 Qh6 31. c4 Nf4 32.
Rg3 Nxe6 33. dxe6+ Rxe6 34. cxb6 axb6 35. Rd1 Rce8 36. Rd7+ R8e7 37. Rd8 Re8 38. Rd7+ R6e7 39. Rd5 g5 40. Kg2 Qh4 41. Qf5 Kg7 42. Rf3 Qh7 43.
Qg4 Qg6 44. Rd7 Rxd7 45. Qxd7+ Qf7 46. Qf5 Qe6 47. Qe4 Kf7 48. c5 Kf8 49. c6 Qf7 50.
Rd3 Re6 51. Rd7 Kg7 52. Rxf7+ Kxf7 53. Qf5 Ke7 54. Qe4 Kd6 55. Qd3+ Kxc6 56. Qc4+ Kd7 57.
Kf3 Rd6 58. Qc3 b5 59. Ke4 Rd4+ 60. Kf5 Rf4+ 61. Kg6 b4 62. Kf7 bxc3 0-1

[Event "Late-Titled-Tuesday-Blitz-April-02-2024"]
[Site "Chess.com"]
[Date "2024.04.02"]
[Round "3"]
[White "Perecke"]
[Black "WindWhistler11"]
[Result "0-1"]
[WhiteElo "2609"]
[BlackElo "2451"]
[TimeControl "180+1"]
[EndTime "14:28:40 PDT"]
[Termination "WindWhistler11 won by resignation"]

1. e4 e6 2. d4 d5 3. Nc3 Bb4 4. e5 Ne7 5. h4 c5 6. a3 Bxc3+ 7.
bxc3 Qa5 8. Bd2 Qa4 9. Qg4 O-O 10. Bd3 c4 11. Bh6 Ng6 12. Bxg6 fxg6 13. Bd2 Qxc2 14.
Nf3 Nc6 15. h5 Qf5 16. Qh4 gxh5 17. Qxh5 Qxh5 18. Rxh5 Bd7 19. Rh4 Ne7 20. Ke2 Ng6 21. Rh2 h6 22. g4 Nf4+ 23. Bxf4 Rxf4 24. g5 Raf8 25. Rh3 hxg5 26. Rah1 g4 27. Rh8+ Kf7 28. Rxf8+ Kxf8 29. Nh4 Kf7 30. Ng2 Re4+ 31. Ne3 Ba4 32.
Rh8 a6 33. Rb8 Bc6 34. a4 Kg6 35. a5 Rf4 36. Rh8 Kg5 37. Rh7 Rf7 38. Rh2 Rf4 39. Rg2 Be8 40. Rg1 Bh5 41. Ke1 Rf3 42. Rg2 Kf4 43. Rg1 g3 44. Ng2+ Ke4 45. fxg3 Rxg3 46.
Kd2 Rd3+ 47. Kc2 Rg3 48. Kd2 Bf3 49. Re1+ Kf5 50. Ne3+ Kf4 51. Rb1 Rh3 52. Nf1 Bg2 53. Ke2 Be4 54. Rxb7 Bd3+ 55. Kf2 Rf3+ 56. Kg2 Bxf1+ 57. Kh2 Bd3 58. Rxg7 Ke3 59. Re7 Bf5 60. Ra7 Kf2 61. Rh7 Rxc3 0-1

[Event "Late-Titled-Tuesday-Blitz-April-02-2024"]
[Site "Chess.com"]
[Date "2024.04.02"]
[Round "3"]
[White "SultaiC"]
[Black "Kiborg95"]
[Result "0-1"]
[WhiteElo "2512"]
[BlackElo "2852"]
[TimeControl "180+1"]
[EndTime "14:28:47 PDT"]
[Termination "Kiborg95 won by checkmate"]

1. e4 d6 2. Nf3 Nf6 3. c3 Nbd7 4. d3 g6 5. Be2 Bg7 6. O-O O-O 7. h3 a5 8. Be3 a4 9. a3 b6 10. Nbd2 Bb7 11.
Qc2 e5 12. Rfe1 Re8 13. Rad1 h6 14. Nf1 d5 15. Ng3 c5 16. d4 exd4 17. cxd4 dxe4 18. Ne5 Nxe5 19. dxe5 Nd5 20. Qc1 Qh4 21. Bb5 Rxe5 22. Bd2 e3 23. Bxe3 Nxe3 24. Rxe3 Rxe3 25. Qxe3 Bxb2 26. Rd7 Bd4 27. Qd3 Bc8 28. Rxf7 Kxf7 29. Qf3+ Qf6 30. Qd5+ Kg7 31. Ne4 Bxf2+ 32. Nxf2 Ra7 33.
Bc4 Rf7 34. Ne4 Be6 35. Nxf6 Bxd5 36. Nxd5 Rb7 37. Nc3 Ra7 38. Bb5 Kf6 39. Nd5+ Ke5 40. Nxb6 Rb7 41. Nd7+ Kd4 42. Bxa4 Ra7 43. Nb6 Ra6 44.
Bc2 Rxb6 45. a4 Rb2 46. Bxg6 c4 47. a5 Ra2 48. a6 Rxa6 49. Bc2 c3 50. Kh2 Ra2 51.
Bb3 Rb2 52. Bd1 Ke3 53. Bc2 Rxc2 54. h4 Re2 55. h5 c2 56. Kg3 c1=Q 57. Kh4 Qh1+ 58.
Kg4 Qxg2+ 59. Kf5 Qg5+ 60. Ke6 Qxh5 61. Ke7 Qg6 62. Kf8 Rf2+ 63. Ke7 Rf7+ 64. Kd8 Qg7 65. Ke8 h5 66. Kd8 h4 67. Kc8 h3 68. Kb8 h2 69.
Kc8 Ke4 70. Kb8 Kd5 71. Ka8 Kc6 72. Kb8 Kb6 73. Ka8 Ka6 74. Kb8 h1=Q 75. Kc8 Qb7+ 76. Kd8 Rd7+ 77. Ke8 Qg8# 0-1

[Event "Late-Titled-Tuesday-Blitz-April-02-2024"]
[Site "Chess.com"]
[Date "2024.04.02"]
[Round "3"]
[White "Carlitus2004"]
[Black "gorgeous1083"]
[Result "0-1"]
[WhiteElo "2455"]
[BlackElo "2251"]
[TimeControl "180+1"]
[EndTime "14:28:48 PDT"]
[Termination "gorgeous1083 won on time"]

1. e4 e6 2. d4 d5 3. exd5 exd5 4. h3 Nf6 5. Nf3 h6 6. Bd3 Bd6 7. O-O O-O 8. c4 c6 9. c5 Bc7 10. Nc3 Be6 11. Be3 Nbd7 12. b4 a6 13. a4 Qe7 14. Qc2 Rfe8 15. b5 axb5 16. axb5 Rec8 17. Nd2 Nf8 18. Nb3 Qd7 19. b6 Bd8 20. Bf4 Nh5 21. Be5 Bf6 22. Bxf6 Nxf6 23. Nd2 Bxh3 24. gxh3 Qxh3 25. Bf5 Ng4 26. Nf3 Qxf3 27. Bxc8 Rxc8 28. Qe2 Qh3 29. f3 Re8 30. Qg2 Qxg2+ 31. Kxg2 Ne3+ 32. Kf2 Nxf1 33. Kxf1 Re3 34. Ne2 Rxf3+ 35.
Kg2 Re3 36. Kf2 Re7 37. Ra7 Ne6 38. Ke3 Nxc5+ 39. Kd2 Ne6 40. Kd3 h5 41. Nc3 g5 42.
Na4 Nd8 43. Nc5 h4 44. Ra8 Re8 45. Nxb7 h3 46. Rxd8 Rxd8 47. Nxd8 h2 48. b7 h1=Q 49. b8=Q Qe4+ 50. Kc3 Qe3+ 51. Kc2 Qe2+ 52. Kc3 Qc4+ 53. Kb2 Qxd4+ 54. Kb3 Qc4+ 55. Ka3 Qc3+ 56. Ka2 c5 57. Ne6+ Kh7 58. Nxg5+ Kg7 59. Ne6+ fxe6 60. Qc7+ Kf6 61. Qd8+ Kf5 62. Qf8+ Qf6 63. Qg8 c4 64.
Qg2 Qd4 65. Qf3+ Qf4 66. Qh5+ Ke4 67. Qg6+ Qf5 68. Qg2+ Kd4 69. Qg1+ Kc3 70. Qe1+ Kd4 71. Qd2+ Qd3 72. Qf4+ Kc3 0-1

[Event "Late-Titled-Tuesday-Blitz-April-02-2024"]
[Site "Chess.com"]
[Date "2024.04.02"]
[Round "3"]
[White "biostatistician"]
[Black "MikaelyanArman"]
[Result "1-0"]
[WhiteElo "2542"]
[BlackElo "2810"]
[TimeControl "180+1"]
[EndTime "14:28:51 PDT"]
[Termination "biostatistician won on time"]

1. d4 Nf6 2. Nf3 g6 3. c4 Bg7 4. Nc3 O-O 5. e4 a5 6. Be2 d6 7. O-O e5 8. dxe5 dxe5 9. Qxd8 Rxd8 10. Bg5 Re8 11. Nd5 Nxd5 12. cxd5 c6 13. d6 Be6 14. Rfd1 Nd7 15. Nd2 f6 16. Be3 Bf8 17. Nc4 Kg7 18. Nb6 Nxb6 19. Bxb6 Bd7 20. Rd2 a4 21. Rad1 h5 22. g3 Kh7 23. Kg2 h4 24. Bc4 Bh6 25. Rd3 h3+ 26. Kf3 Kg7 27. a3 f5 28. Re1 Rf8 29.
Rdd1 fxe4+ 30. Kxe4 Rae8 31. Kd3 Bg4 32. Ra1 Rf3+ 33. Kc2 Bf5+ 34. Kd1 e4 35. Be3 Bxe3 36.
Rxe3 Rd8 37. Ke2 Rxe3+ 38. Kxe3 Rxd6 39. Be2 Kf6 40. Rd1 Rxd1 41. Bxd1 Ke5 42. Bxa4 g5 43. Bd1 g4 44. b4 Be6 45. Bc2 Bf5 46. a4 Be6 47.
Bb1 Bf5 48. Bc2 Bg6 49. Bb3 Bf5 50. Bf7 Bd7 51. Bg6 c5 52. bxc5 Bc6 53. a5 Bd5 54. Bh5 Be6 55. Be8 Bd5 56. Bh5 Be6 57. c6 bxc6 58.
a6 Bc8 59. a7 Bb7 60. Bxg4 c5 61. Bxh3 c4 62. Kd2 Kd4 63. Bf1 c3+ 64. Kc1 e3 65.
fxe3+ Kxe3 66. Ba6 Ba8 67. h4 Kd4 68. h5 Kc5 69. h6 1-0